 Dungeon Crawl Stone Soup version 0.29-a0-284-gf9362112df (webtiles) character file.

Game seed: 1320676098413592644

98 silky the Cudgeller (level 4, -1/41 HPs)
             Began as a Minotaur Chaos Knight on Mar 31, 2022.
             Was a Plaything of Xom.
             Slain by an iguana (3 damage)
             ... on level 4 of the Dungeon.
             The game lasted 00:06:23 (3726 turns).

silky the Cudgeller (Minotaur Chaos Knight)         Turns: 3726, Time: 00:06:26

Health: -1/41      AC: 14    Str: 19    XL:     4   Next: 43%
Magic:  3/3        EV:  6    Int:  9    God:    Xom [......]
Gold:   191        SH:  0    Dex:  7    Spells: 3/3 levels left

rFire   . . .      SeeInvis .   a - +0 mace (chaos)
rCold   . . .      Faith    .   (no shield)
rNeg    . . .      Spirit   .   k - +0 plate armour
rPois   .          Reflect  .   (helmet unavailable)
rElec   .          Harm     .   (no cloak)
rCorr   +          Rampage  .   n - +2 pair of gloves
Will    .....                   (no boots)
Stlth   ..........              (no amulet)
HPRegen 0.13/turn               m - ring of resist corrosion
MPRegen 0.08/turn               (no ring)

@: brilliant
A: horns 3, retaliatory headbutt, clumsy 1
a: Renounce Religion


You were on level 4 of the Dungeon.
You worshipped Xom.
You were a very special plaything of Xom.
You visited 1 branch of the dungeon, and saw 4 of its levels.

You collected 191 gold pieces.

Inventory:

Hand Weapons
 a - a +0 mace of chaos (weapon)
Armour
 k - a +0 plate armour (worn)
 n - a +2 pair of gloves (worn)
Jewellery
 m - a ring of resist corrosion (left hand)
Scrolls
 d - 2 scrolls of teleportation
 f - a scroll of immolation {unknown}
 g - a scroll of magic mapping
 i - a scroll of noise {unknown}
 l - a scroll of blinking {unknown}
Potions
 b - 4 potions of curing {unknown}
 e - 3 potions of heal wounds {unknown}
 h - a potion of resistance {unknown}
 j - a potion of brilliance
Miscellaneous
 c - a piece from Xom's chessboard (15/15) (quivered)


   Skills:
 + Level 4.5 Fighting
 + Level 5.0 Maces & Flails
 + Level 3.5 Armour
 + Level 1.4 Dodging


You had 3 spell levels left.
You didn't know any spells.
Your spell library contained the following spells:

 Spells                   Type           Power      Damage    Failure   Level
 Ignite Poison            Fire/Tmut/Pois 0%         N/A       100%        3
 Mephitic Cloud           Conj/Pois/Air  0%         N/A       100%        3
 Freezing Cloud           Conj/Ice/Air   0%         6-21      100%        5


Dungeon Overview and Level Annotations

Branches:
Dungeon (4/15)
 Temple: D:4-7

Altars:
Zin

Shops:
D:2 [   D:3 (


Innate Abilities, Weirdness & Mutations

You have a pair of large horns on your head.
You reflexively headbutt those who attack you in melee.
You are clumsy. (Dex -2)


Message History

You hit the gnoll. Lightning courses through the gnoll!
You kill the gnoll!
The gnoll closely misses you. You furiously retaliate!
You headbutt the gnoll!
You kill the gnoll!
The gnoll closely misses you. You furiously retaliate!
You headbutt the gnoll. The gnoll hits you but does no damage.
The ball python barely misses you. The ball python grabs you.
The ball python constricts you.
Your Maces & Flails skill increases to level 5!
You closely miss the gnoll.
The gnoll is lightly wounded.
The gnoll barely misses you. You furiously retaliate!
You headbutt the gnoll. The gnoll hits you but does no damage.
The ball python bites you but does no damage.
The ball python constricts you.
You closely miss the gnoll.
The gnoll is moderately wounded.
The ball python bites you but does no damage.
The ball python constricts you. The gnoll completely misses you.
The gnoll hits you from afar with a +0 spear.
The ball python bites you. The ball python constricts you.
The gnoll hits you but does no damage. The iguana bites you.
The gnoll hits you but does no damage.
You sock the ball python!
You feel better.
You kill the ball python!
The gnoll hits you from afar with a +0 spear.
The gnoll hits you with a +0 club! The iguana bites you!
* * * LOW HITPOINT WARNING * * *
The gnoll hits you with a +0 club.
* * * LOW HITPOINT WARNING * * *
The gnoll completely misses you. The iguana bites you.
* * * LOW HITPOINT WARNING * * *
There is a stone staircase leading up here.
Okay, then.
It was a potion of brilliance.
You feel clever all of a sudden.
Xom roars with laughter!
The gnoll barely misses you. The gnoll hits you but does no damage.
The iguana bites you.
You die...
Xom laughs nastily!

.. .. ## #. ##..
...... ..>#.##..#
......# ...#..#..
......# #......#
......# ##....####
.....# #........##
##.#..#
#.....##..####g...#
##.....###...##@l.#
#......# ###..g.).#
#......#
###..#......
##..#####
#..######. ...##
...# #.## #.#.# ..#
#.#.# .## ..#.# .#
####)#


You could see an iguana and 2 gnolls.

Vanquished Creatures
  2 gnolls (D:4)
  An adder (D:2)
  A worm (D:2)
  3 dart slugs (D:1)
  2 orcs (D:3)
  8 ball pythons
  2 endoplasms
  2 giant cockroaches
  9 goblins
  5 hobgoblins
  2 quokkas
  4 bats
  A frilled lizard (D:1)
  6 kobolds
  9 rats
57 creatures vanquished.

Vanquished Creatures (collateral kills)
  A dart slug (D:1)
1 creature vanquished.

Grand Total: 58 creatures vanquished

Notes
Turn   | Place    | Note
-------+----------+-------------------------------------------
     0 | D:1      | silky the Minotaur Chaos Knight began the quest for the
                  | Orb.
     0 | D:1      | Reached XP level 1. HP: 19/19 MP: 0/0
   155 | D:1      | XOM: divination: detect items
   243 | D:1      | XOM: divination: magic mapping
   248 | D:1      | Reached skill level 4 in Maces & Flails
   248 | D:1      | Reached XP level 2. HP: 20/27 MP: 1/1
   439 | D:1      | XOM: silly message
   518 | D:1      | XOM: cast spell 'Summon Small Mammal'
  1093 | D:2      | Reached XP level 3. HP: 18/33 MP: 2/2
  1093 | D:2      | XOM: divination: detect items
  1490 | D:2      | Found a faded altar of an unknown god.
  1585 | D:2      | XOM: 4-stop teleportation journey
  1588 | D:2      | Found a glowing silver altar of Zin.
  1599 | D:2      | XOM: cloud trail
  1672 | D:2      | Gained mutation: You have hidden genetic defects.
                  | [mutagenic glow]
  1682 | D:2      | Gained mutation: You have a pair of large horns on your
                  | head. [mutagenic glow]
  2017 | D:2      | XOM: give mutation
  2017 | D:2      | Gained mutation: Your spells are a little harder to cast,
                  | but a little more powerful. [Xom's grace]
  2208 | D:2      | Found Duryocuo's Antique Armour Shoppe.
  2267 | D:2      | Gained mutation: You are clumsy. (Dex -2) [hidden defects]
  2354 | D:2      | XOM: silly message
  2654 | D:2      | XOM: silly message
  2771 | D:2      | XOM: noise
  2922 | D:3      | Found Arip's Weapon Shop.
  2967 | D:3      | XOM: silly message
  3028 | D:3      | Reached XP level 4. HP: 41/41 MP: 3/3
  3034 | D:3      | Lost mutation: Your spells are a little harder to cast, but
                  | a little more powerful. [hidden defects]
  3034 | D:3      | Lost mutation: You have hidden genetic defects. [hidden
                  | defects expressed]
  3206 | D:3      | XOM: silly message
  3722 | D:4      | Reached skill level 5 in Maces & Flails
  3725 | D:4      | HP: 1/41 [iguana (2)]
  3726 | D:4      | Slain by an iguana

Illustrated notes

Levels and vault maps discovered:
D:1:      mainiacjoe_arrival_reflecting_pool, layout_basic,
          chequers_serial_rivers_micro_e
D:2:      layout_basic, basic_altar, nicolae_ecumenical_snake_handling,
          serial_shops, shop, roderic_serpentine_path
D:3:      layout_basic, serial_shops, nicolae_shop_bloodbath_and_beyond
D:4:      layout_rooms, minmay_temple_entry_wispy, grunt_ministairs_9,
          minmay_misc_feat_ornament, uniq_ijyb

Skill      XL: |  1  2  3  4 |
---------------+-------------+-----
Fighting       | 4 |  4.5
Maces & Flails | 4 5 |  5.0
Armour         | 3 |  3.5
Dodging        | |  1.4

Action                   |  1- 3 |  4- 6 || total
-------------------------+-------+-------++-------
Melee: Mace              |    88 |    25 ||   113
       Headbutt          |    13 |     3 ||    16
  Use: Scroll            |       |     2 ||     2
       Potion            |       |     1 ||     1
Armor: Ring mail         |    17 |       ||    17
       Leather armour    |     1 |       ||     1
       Plate armour      |    35 |    31 ||    66
Dodge: Dodged            |    36 |    18 ||    54

Table legend: (Time is in decaauts)
 A = Elapsed time spent in this place.
 B = Non-inter-level travel time spent in this place.
 C = Inter-level travel time spent in this place.
 D = Time resting spent in this place.
 E = Time spent auto-exploring this place.
 F = Levels seen in this place.
 G = Mean time per level.
                   A        B        C        D        E       F      G
               +--------+--------+--------+--------+--------+-----+--------+
         Total |   3744 |   3586 |    158 |    377 |   2632 |   4 |  936.0 |
       Dungeon |   3744 |   3586 |    158 |    377 |   2632 |   4 |  936.0 |
               +--------+--------+--------+--------+--------+-----+--------+

Top non-repeatable levels by time:
     D:2: 1792 daAuts
     D:1: 1094 daAuts
     D:3: 692 daAuts
     D:4: 166 daAuts
